 Dungeon Crawl Stone Soup version 0.29.1-15-g9cfb28693d (webtiles) character file.

Game seed: 3914369306979211605

4930 DemonSlayer the Geomancer (level 10, -3/65 HPs)
             Began as a Demonspawn Earth Elementalist on Feb 25, 2023.
             Was a Follower of Wu Jian.
             Killed from afar by an electric eel (12 damage)
             ... with a bolt of electricity
             ... on level 8 of the Dungeon.
             The game lasted 00:20:16 (9671 turns).

DemonSlayer the Geomancer (DsEE)                    Turns: 9671, Time: 00:20:17

Health: -3/65      AC: 11    Str: 12    XL:     10   Next: 27%
Magic:  27/31      EV: 11    Int: 21    God:    Wu Jian [*.....]
Gold:   408        SH:  5    Dex: 19    Spells: 9/25 levels left

rFire   . . .      SeeInvis .   a - +2 dagger (flame)
rCold   . . .      Faith    .   (no shield)
rNeg    . . .      Spirit   .   n - +1 ring mail of the Inquisitive Knives {MP+9 Slay+3}
rPois   +          Reflect  +   f - +2 hat {Int+3}
rElec   .          Harm     .   (no cloak)
rCorr   .          Rampage  .   (no gloves)
Will    .....                   (no boots)
Stlth   +++.......              r - amulet of reflection
HPRegen 0.20/turn               v - +6 ring of dexterity
MPRegen 0.22/turn               B - ring of poison resistance

@: no status effects
A: yellow scales 2, icemail 1, condensation shield, demonic magic 1, weakness
stinger 2
a: Renounce Religion


You were on level 8 of the Dungeon.
You worshipped Wu Jian.
Wu Jian was aware of your devotion.
You visited 2 branches of the dungeon, and saw 9 of its levels.
You also visited: Sewer.

You collected 408 gold pieces.

Inventory:

Hand Weapons
 a - a +2 dagger of flaming (weapon)
Missiles
 y - a curare-tipped dart
Armour
 f - a +2 hat of intelligence (worn)
 n - the +1 ring mail of the Inquisitive Knives (worn) {MP+9 Slay+3}
   (You found it on level 2 of the Dungeon)

   Slay:      It affects your accuracy & damage with ranged weapons and melee
   (+3).
   MP:        It affects your magic capacity (+9).
Jewellery
 r - an amulet of reflection (around neck)
 v - a +6 ring of dexterity (left hand)
 w - a ring of flight
 B - a ring of poison resistance (right hand)
 C - a ring of positive energy
 D - a +6 ring of dexterity
Wands
 e - a wand of digging (8)
 k - a wand of flame (38)
 p - a wand of polymorph (8)
Scrolls
 b - 3 scrolls of amnesia
 d - 2 scrolls of teleportation
 g - 2 scrolls of enchant armour
 i - a scroll of magic mapping
 j - a scroll of torment
 l - 5 scrolls of fog
 o - 3 scrolls of blinking
 u - a scroll of vulnerability
Potions
 c - a potion of lignification
 h - 3 potions of flight
 m - 3 potions of berserk rage
 q - 4 potions of curing
 z - a potion of mutation
 A - a potion of ambrosia {unknown}


   Skills:
 + Level 1.1 Fighting
 + Level 2.4 Short Blades
 + Level 3.5 Armour
 + Level 2.7 Dodging
 + Level 6.1 Stealth
 + Level 1.6 Shields
 + Level 8.1 Spellcasting
 + Level 0.8 Transmutations
 + Level 8.9 Earth Magic
 + Level 0.2 Evocations


You had 9 spell levels left.
You knew the following spells:

 Your Spells              Type           Power      Damage    Failure   Level
a - Sandblast             Erth           90%        2d19      1%          1
b - Passwall              Tmut/Erth      24%        N/A       3%          2
c - Blink                 Tloc           16%        N/A       26%         2
d - Stone Arrow           Conj/Erth      54%        3d10      9%          3
e - Petrify               Tmut/Erth      29%        N/A       22%         4
f - Fulminant Prism       Conj/Hex       4%         3d6       86%         4

Your spell library contained the following spells:

 Spells                   Type           Power      Damage    Failure   Level
 Magic Dart               Conj           32%        1d4       17%         1
 Summon Small Mammal      Summ           32%        N/A       17%         1
 Searing Ray              Conj           16%        2d5       26%         2
 Call Canine Familiar     Summ           8%         N/A       45%         3
 Summon Guardian Golem    Hex/Summ       8%         N/A       45%         3
 Manifold Assault         Tloc           8%         N/A       99%         5
 Storm Form               Tmut/Air       5%         N/A       100%        7


Dungeon Overview and Level Annotations

Branches:
Dungeon (8/15)             Temple (1/1) D:7           Sewer (visited)
   Lair: D:8-11

Altars:
Cheibriados
Gozag
Hepliaklqana
Kikubaaqudgha
Makhleb
Nemelex Xobeh
Okawaru
Qazlal
Ru
Trog
Uskayaw
Vehumet
Wu Jian
Xom
Yredelemnul

Shops:
D:6 *

Annotations:
D:4 1 runed translucent door, Crazy Yiuf
D:8 1 runed translucent door, CommanderCrumbcake's ghost, journeyman GnMo


Innate Abilities, Weirdness & Mutations

You are mostly covered in yellow scales. (AC +3)
A meltable icy envelope protects you from harm. (AC +0)
A meltable shield of frost defends you. (SH +0)
Spells you cast may paralyse adjacent enemies.
You have a tail ending in a sharp stinger.


Message History

You feel yourself speed up. You block the hornet's attack.
The hornet closely misses you.
The blast of sand hits the hornet!
The hornet is moderately wounded.
Malevolent energies surge around you.
The hornet suddenly stops moving!
The helpless hornet fails to defend itself.
You impale the hornet!! You burn the hornet.
You kill the hornet!
The Council accepts your kill.
You can now lightly attack monsters by moving around them.
The blast of sand hits the steam dragon!
The steam dragon is moderately wounded.
Malevolent energies surge around you.
The steam dragon suddenly stops moving!
The steam dragon breathes steam at you.
The ball of steam hits the steam dragon.
The steam dragon resists.
The ball of steam hits you!
Your icy defenses dissipate!
The helpless steam dragon fails to defend itself.
You perforate the steam dragon like a sieve!!!
You burn the steam dragon.
You kill the steam dragon!
The Council accepts your kill.
You are engulfed in a cloud of scalding steam.
Your magical contamination has completely faded away.
Casting: Sandblast (safe; 1% risk of failure)
Confirm with . or Enter, or press ? or * to list all spells.
Aiming: Sandblast (safe; 1% risk of failure)
Press: ? - help, Shift-Dir - straight line, f - steam dragon
Aim: a steam dragon (85% to hit)
The blast of sand hits the steam dragon.
The steam dragon is lightly wounded.
Malevolent energies surge around you. The steam dragon breathes steam at you.
The ball of steam hits you!
The electric eel shoots out a bolt of lightning at you!
The bolt of electricity hits the steam dragon!
The bolt of electricity hits you!
* * * LOW HITPOINT WARNING * * *
The bolt of electricity hits you!
You die...

###.####...........##..#####....#
.....#............#*####***######
..................*~~~~~≈~~~~~~~#
.............######~,,,..,,,,,,~#
..............<...#~,,...,,,,,,~#
..................#~,..≈≈~~~,,,~#
.............##.###~.....~,,,,,~#
.............##..##S.....~,,,,,~#
............####@D§..≈≈≈≈*~~~~,~#
.....#.....## ##.#≈.....~,,,,,~#
.##....##### #>#~....[~,,,,,~#
,....### ###~,..≈≈~~~,,,~#
.....)** *~,,...,,,,,,~* ......,*
*~,,,..,,,,,,~* .......*
*~~~~~≈~~~~~~~* .......*
*************** .......#


You could see a steam dragon and an electric eel.

Vanquished Creatures
  Maggie (D:7)
  A hornet (D:8)
  Prince Ribbit (D:7)
  Sigmund (D:4)
  5 yaks (D:8)
  A steam dragon (D:8)
  Eustachio (D:4)
  3 water moccasins
  3 orc warriors
  A sky beast (D:7)
  5 black bears
  An ice beast (D:8)
  Blork the orc (D:4)
  A kobold brigand (D:6)
  4 bullfrogs
  2 necrophages
  5 wights (D:7)
  3 killer bees (D:8)
  An electric eel (D:8)
  5 hounds
  5 jellies
  4 orc priests
  A gnoll bouda (D:7)
  An iguana (D:4)
  4 orc wizards
  12 gnolls
  A river rat (D:3)
  14 adders
  2 shadow imps
  3 white imps
  An ufetubus (D:6)
  A worm (D:2)
  A dart slug (D:2)
  21 orcs
  9 endoplasms
  21 giant cockroaches
  8 hobgoblins
  13 kobolds
  8 quokkas
  12 ball pythons
  6 bats
  11 frilled lizards
  10 goblins
  12 rats
227 creatures vanquished.

Vanquished Creatures (others)
  10 plants (D:1)
10 creatures vanquished.

Grand Total: 237 creatures vanquished

Notes
Turn   | Place    | Note
-------+----------+-------------------------------------------
     0 | D:1      | DemonSlayer the Demonspawn Earth Elementalist began the
                  | quest for the Orb.
     0 | D:1      | Reached XP level 1. HP: 13/13 MP: 3/3
   263 | D:1      | Gained mutation: A meltable shield of frost defends you.
                  | (SH +0) [demonic ancestry]
   263 | D:1      | Reached XP level 2. HP: 15/19 MP: 0/5
  1271 | D:1      | Learned a level 2 spell: Passwall
  1274 | D:1      | Learned a level 2 spell: Blink
  1385 | D:2      | Gained mutation: A meltable icy envelope protects you from
                  | harm. (AC +0) [demonic ancestry]
  1385 | D:2      | Reached XP level 3. HP: 18/24 MP: 1/6
  1630 | D:2      | Identified the +1 ring mail of the Inquisitive Knives {MP+9
                  | Slay+3}
  2101 | D:2      | Gained mutation: You have a small tail. [demonic ancestry]
  2101 | D:2      | Reached XP level 4. HP: 26/30 MP: 8/8
  2166 | D:2      | Found a faded altar of an unknown god.
  2474 | D:2      | Learned a level 3 spell: Stone Arrow
  2678 | D:3      | Gained mutation: You are partially covered in yellow
                  | scales. (AC +2) [demonic ancestry]
  2678 | D:3      | Reached XP level 5. HP: 34/35 MP: 10/10
  2805 | D:3      | Found a glowing drain.
  2814 | Sewer    | Entered a sewer
  3211 | Sewer    | Gained mutation: Spells you cast may paralyse adjacent
                  | enemies. [demonic ancestry]
  3211 | Sewer    | Reached XP level 6. HP: 41/41 MP: 12/12
  3538 | Sewer    | Learned a level 4 spell: Petrify
  4515 | D:4      | Noticed Sigmund
  4518 | D:4      | Killed Sigmund
  4519 | D:4      | Reached skill level 1 in Armour
  4519 | D:4      | Reached skill level 5 in Earth Magic
  4519 | D:4      | Reached XP level 7. HP: 46/46 MP: 14/14
  4656 | D:4      | Noticed Blork the orc
  4663 | D:4      | Killed Blork the orc
  4664 | D:4      | Reached skill level 5 in Spellcasting
  4742 | D:4      | Reached skill level 1 in Short Blades
  4768 | D:4      | Identified the +3 scale mail of the Pleiades {rC++ MP-9}
  4861 | D:4      | Noticed Eustachio
  4872 | D:4      | Killed Eustachio
  5004 | D:4      | Gained mutation: You have a tail ending in a sharp stinger.
                  | [demonic ancestry]
  5004 | D:4      | Reached XP level 8. HP: 47/52 MP: 16/16
  5121 | D:4      | Identified the +10 hammer of Conscience {vorpal, rC++
                  | Str-4}
  5123 | D:4      | Found a runed translucent door.
  5124 | D:4      | Noticed Crazy Yiuf
  5559 | D:5      | Entered Level 5 of the Dungeon
  5559 | D:5      | Found an iron altar of Okawaru.
  6781 | D:6      | Found Appaosal's Serpentskin Sales.
  6789 | D:6      | Reached skill level 1 in Shields
  7191 | D:7      | Reached XP level 9. HP: 57/58 MP: 18/18
  7334 | D:7      | Noticed Maggie
  7338 | D:7      | Killed Maggie
  7364 | D:7      | Found a staircase to the Ecumenical Temple.
  7396 | Temple   | Entered the Ecumenical Temple
  7526 | Temple   | Became a worshipper of the Wu Jian Council
  7790 | D:7      | Found a burning altar of Makhleb.
  7863 | D:7      | Found a sacrificial altar of Ru.
  8110 | D:7      | Learned a level 4 spell: Fulminant Prism
  8174 | D:7      | Noticed Prince Ribbit
  8186 | D:7      | Killed Prince Ribbit
  8341 | D:8      | Reached skill level 1 in Fighting
  8341 | D:8      | Reached skill level 5 in Stealth
  8760 | D:8      | Gained mutation: You are mostly covered in yellow scales.
                  | (AC +3) [demonic ancestry]
  8760 | D:8      | Reached XP level 10. HP: 65/65 MP: 21/21
  8987 | D:8      | Found a runed translucent door.
  8992 | D:8      | Noticed CommanderCrumbcake's ghost (journeyman GnMo)
  9618 | D:8      | Identified a scroll of acquirement
  9618 | D:8      | Acquired a +0 hat of intelligence
  9667 | D:8      | Reached * piety under Wu Jian
  9671 | D:8      | Killed from afar by an electric eel

Illustrated notes

Levels and vault maps discovered:
D:1:      matt_arrival_grand_opening, layout_basic, serial_forest,
          infiniplex_forest_clump_diagonal, infiniplex_forest_clump_diagonal,
          infiniplex_forest_end_2, infiniplex_forest_clump_medium,
          infiniplex_forest_fountain, infiniplex_forest_end_2,
          infiniplex_forest_end_3, infiniplex_forest_fountain,
          infiniplex_forest_clump_curved, minivault_23
D:2:      layout_rooms, basic_ecumenical_altar, minivault_19
D:3:      mumra_celtic_spiral_tile, layout_basic, portal_sewer_entry_e,
          kennysheep_cross_bottleneck, chequers_garden
D:4:      layout_loops_ring, uniq_crazy_yiuf_cottage, uniq_eustachio,
          uniq_blork_the_orc, uniq_sigmund
D:5:      layout_gridville, okawaru_metal_pillars_1_2, serial_bayou_lagoon_a
D:6:      layout_basic, guppyfry_shop_venom
D:7:      layout_basic, nicolae_overflow_hidden_temple,
          mainiacjoe_overflow_small_starburst, minmay_temple_entry_stoned_glass,
          uniq_maggie, uniq_prince_ribbit1
D:8:      layout_rooms, ebering_ghost_inner_flame, kennysheep_generic_room_16
Temple:   nicolae_temple_hex_pool

Skill      XL: |  1  2  3  4  5  6  7  8  9 10 |
---------------+-------------------------------+-----
Earth Magic    | 3 4 5 6 7 8 |  8.9
Stealth        | 2 3 5 6 |  6.1
Dodging        | 2 |  2.7
Spellcasting   | 3 4 5 6 7 8 |  8.1
Armour         | 1 2 3 |  3.5
Short Blades   | 1 2 |  2.4
Shields        | 1 |  1.6
Fighting       | 1 |  1.1
Transmutations | |  0.8
Evocations     | |  0.2

Action                   |  1- 3 |  4- 6 |  7- 9 | 10-12 || total
-------------------------+-------+-------+-------+-------++-------
Melee: Unarmed           |    10 |       |       |       ||    10
       Dagger            |     5 |    10 |    58 |    11 ||    84
       Tailslap          |       |     4 |    11 |       ||    15
       Punch             |       |       |     1 |       ||     1
 Cast: Sandblast         |    70 |   123 |   127 |    24 ||   344
Invok: Lunge             |       |       |     2 |       ||     2
Evoke: Wand              |       |       |       |     6 ||     6
  Use: Potion            |     3 |       |       |       ||     3
       Scroll            |       |     4 |     4 |    11 ||    19
 Stab: Sleeping          |     1 |     1 |     2 |       ||     4
       Paralysed         |       |     1 |    30 |     9 ||    40
       Distracted        |       |       |     1 |       ||     1
Armor: Robe              |     7 |       |       |       ||     7
       Ring mail         |    10 |    51 |    41 |    20 ||   122
Dodge: Dodged            |    22 |    52 |    52 |    12 ||   138
Block: Other             |    13 |    22 |    34 |    12 ||    81
       Reflection        |       |       |     1 |       ||     1
